 Dungeon Crawl Stone Soup version 0.27-a0-101-g3cb999cee2 (webtiles) character file.

Game seed: 36093551925131440

12105 kae the Grappler (level 11, -2/111 HPs)
             Began as a Troll Monk on Jan 21, 2021.
             Was a Follower of Ru.
             Slain by a ten-headed hydra (3 damage)
             ... on level 1 of the Lair of Beasts.
             The game lasted 00:08:06 (9128 turns).

kae the Grappler (Troll Monk)                       Turns: 9128, Time: 00:08:07

Health: -2/111     AC: 10    Str: 30    XL:     11   Next: 58%
Magic:  10/10      EV: 17    Int:  6    God:    Ru [*.....]
Gold:   514        SH:  0    Dex: 12    Spells: 10/10 levels left

rFire    . . .     SeeInvis .     - Unarmed
rCold    . . .     Faith    .   (no shield)
rNeg     . . .     Spirit   .   B - +0 troll leather armour
rPois    .         Reflect  .   (helmet restricted)
rElec    +         Harm     .   j - +1 cloak
rCorr    .         Rampage  .   (gloves unavailable)
Will     .....                  (boots unavailable)
Stlth    +.........             l - amulet of magic regeneration
HPRegen  1.08/turn              D - +4 ring of evasion
MPRegen  0.37/turn              G - ring "Ygoxzumm" {rElec Str+6}

@: no status effects
A: large, unfitting armour, claws 3, regeneration 1, shaggy fur 1, tough skin 3,
inability to train armour
a: Renounce Religion


You were on level 1 of the Lair of Beasts.
You worshipped Ru.
Ru was aware of your devotion.
You visited 3 branches of the dungeon, and saw 12 of its levels.
You also visited: Sewer.

You collected 657 gold pieces.
You spent 143 gold pieces at shops.

Inventory:

Armour
 j - a +1 cloak (worn)
 B - a +0 troll leather armour (worn)
Jewellery
 b - a +4 ring of evasion
 e - an uncursed ring of stealth
 l - an amulet of magic regeneration (around neck)
 q - an uncursed ring of resist corrosion
 v - an uncursed ring of protection from cold
 A - an uncursed ring of see invisible
 D - a +4 ring of evasion (left claw)
 G - the ring "Ygoxzumm" (right claw) {rElec Str+6}
   (You acquired it on level 10 of the Dungeon)

   [ring of strength]

   It affects your strength (+6).
   It insulates you from electricity.
 I - an uncursed ring of flight
Wands
 a - a wand of acid (9)
 p - a wand of iceblast (4)
 r - a wand of disintegration (8)
 t - a wand of digging (7)
 u - a wand of polymorph (8)
 w - a wand of random effects (26)
 E - a wand of paralysis (8)
 F - a wand of flame (18)
Scrolls
 f - 4 scrolls of remove curse
 n - 2 scrolls of identify
 s - 7 scrolls of teleportation
 y - a scroll of fear
 z - 2 scrolls of amnesia
 H - a scroll of enchant weapon
Potions
 c - 3 potions of attraction
 d - 4 potions of flight
 g - 15 potions of curing
 h - 4 potions of brilliance
 i - 2 potions of ambrosia
 k - 4 potions of might
 m - 2 potions of berserk rage
 o - a potion of heal wounds
 x - 3 potions of lignification
 C - a potion of haste


   Skills:
 + Level 8.3 Fighting
 + Level 8.2 Dodging
 - Level 1.0 Stealth
 * Level 13.1 Unarmed Combat


You had 10 spell levels left.
You didn't know any spells.
Your spell library contained the following spells:

 Spells                   Type           Power        Failure   Level
 Sting                    Tmut/Pois      0%           50%         1
 Poisonous Vapours        Pois/Air       0%           63%         2
 Ignite Poison            Fire/Tmut/Pois 0%           86%         3
 Mephitic Cloud           Conj/Pois/Air  0%           86%         3
 Olgreb's Toxic Radiance  Pois           0%           99%         4


Dungeon Overview and Level Annotations

Branches:
Dungeon (10/15)            Temple (1/1) D:5            Lair (1/6) D:8
  Sewer (visited)
    Orc: D:9-12

Altars:
Ashenzari
Cheibriados
Dithmenos
Elyvilon
Fedhas
Gozag
Hepliaklqana
Kikubaaqudgha
Makhleb
Nemelex Xobeh
Okawaru
Qazlal
Ru
Sif Muna
Trog
Uskayaw
Vehumet
Wu Jian
Xom
Yredelemnul
Zin
The Shining One

Shops:
D:7 !   D:10 =

Annotations:
D:9 2 transporters, Life0's ghost, novice OpWn


Innate Abilities, Weirdness & Mutations

You are too large for most types of armour.
You have claws for hands.
Your natural rate of healing is unusually fast.
You are covered in fur. (AC +1)
You have extremely tough skin. (AC +3)
You cannot train Armour skill.


Message History

The nine-headed hydra is almost dead.
The nine-headed hydra is no longer covered in acid.
The nine-headed hydra bites you.
* * * LOW HITPOINT WARNING * * *
The nine-headed hydra bites you.
* * * LOW HITPOINT WARNING * * *
The nine-headed hydra misses you.
The nine-headed hydra bites you but does no damage. x2
The nine-headed hydra bites you!
* * * LOW HITPOINT WARNING * * *
The nine-headed hydra bites you.
* * * LOW HITPOINT WARNING * * *
The nine-headed hydra completely misses you. x2
You rip one of the nine-headed hydra's heads off!
The eight-headed hydra grows two more!
You scratch the ten-headed hydra.
The ten-headed hydra is severely wounded.
The ten-headed hydra misses you. The ten-headed hydra bites you.
* * * LOW HITPOINT WARNING * * *
The ten-headed hydra bites you.
You die...

#.#####........####
##................#
#.>.............##
#................#
#................##
#.........#........
#..........#....#..
#..................
##.@.......##...##..
#..D.......##<..# ..
##.........###.#....
#..........# #.#....
#..........# #......
##......Y..# ##.....
#......F... ##.#P
...[....$.. ###
#######.....


You could see a ten-headed hydra, a yak and a cane toad.

Vanquished Creatures
  Snorg (D:10)
  Harold (D:7)
  A two-headed ogre (D:9)
  An oklob plant (Lair:1)
  A centaur zombie (D:10)
  Joseph (D:7)
  A gargoyle (D:10)
  A troll (D:9)
  Prince Ribbit (D:6)
  A vampire (D:10)
  2 wraiths
  14 yaks
  A wyvern (D:10)
  A soldier ant (D:6)
  Menkaure (D:7)
  2 black bears
  2 orc warriors (D:6)
  2 ogres
  4 phantoms
  An eye of draining (D:9)
  2 sky beasts
  A necrophage (D:9)
  7 centaurs
  2 big kobolds (Sewer)
  A wyvern zombie (D:9)
  7 bullfrogs
  A water moccasin zombie (D:10)
  5 killer bees (D:8)
  4 scorpions
  A vampire bat (D:7)
  9 wights
  A howler monkey (D:6)
  A crimson imp (D:7)
  2 bullfrog zombies
  A quasit (D:10)
  A hound (D:4)
  Crazy Yiuf (D:2)
  A bullfrog skeleton (D:4)
  2 centaur skeletons
  An iguana (D:4)
  A jelly (D:10)
  3 orc priests
  10 orc wizards
  Ijyb (D:3)
  Jessica (D:3)
  Natasha (thrice) (D:3)
  10 worker ants
  A hound zombie (D:7)
  2 human simulacra (D:9)
  2 worker ant zombies
  19 adders
  3 gnolls (D:3)
  8 river rats (Sewer)
  A shadow imp (D:7)
  5 white imps
  4 ufetubi
  3 worms
  2 dart slugs (D:1)
  2 leopard geckos
  28 orcs
  5 ball pythons
  3 bat skeletons (D:7)
  2 bat zombies (D:7)
  7 giant cockroaches
  9 goblins
  10 hobgoblins
  13 jackals
  6 quokkas
  A ball python skeleton (D:4)
  10 bats
  8 frilled lizards
  A jackal zombie (D:6)
  22 kobolds
  A quokka skeleton (D:4)
  25 rats
323 creatures vanquished.

Vanquished Creatures (others)
  A two-headed ogre (D:6)
  An adder (D:9)
2 creatures vanquished.

Grand Total: 325 creatures vanquished

Notes
Turn   | Place    | Note
-------+----------+-------------------------------------------
     0 | D:1      | kae the Troll Monk began the quest for the Orb.
     0 | D:1      | Reached XP level 1. HP: 22/22 MP: 0/0
    85 | D:1      | Reached XP level 2. HP: 29/29 MP: 1/1
   833 | D:2      | Reached XP level 3. HP: 36/36 MP: 2/2
   879 | D:2      | Found a faded altar of an unknown god.
  1007 | D:2      | Found a stormy altar of Qazlal.
  1084 | D:2      | Reached skill level 4 in Unarmed Combat
  1144 | D:2      | Found a bloodstained altar of Trog.
  1301 | D:2      | Reached XP level 4. HP: 44/44 MP: 3/3
  1516 | D:2      | Found a runed translucent door.
  1517 | D:2      | Noticed Crazy Yiuf
  1791 | D:2      | Killed Crazy Yiuf
  1985 | D:3      | Noticed Ijyb
  1995 | D:3      | Killed Ijyb
  1996 | D:3      | Reached XP level 5. HP: 51/53 MP: 4/4
  2216 | D:3      | Reached skill level 5 in Unarmed Combat
  2260 | D:3      | Noticed Jessica
  2268 | D:3      | Killed Jessica
  2269 | D:3      | Reached XP level 6. HP: 47/61 MP: 5/5
  2456 | D:3      | Noticed Natasha
  2462 | D:3      | Killed Natasha
  2573 | D:4      | Found a glowing drain.
  2584 | Sewer    | Entered a sewer
  2825 | Sewer    | Reached skill level 6 in Unarmed Combat
  2841 | Sewer    | Reached XP level 7. HP: 70/70 MP: 6/6
  3313 | D:3      | Noticed Natasha
  3350 | D:3      | Killed Natasha
  3356 | D:3      | Noticed Natasha
  3365 | D:3      | Killed Natasha
  3875 | D:4      | Reached skill level 7 in Unarmed Combat
  4003 | D:4      | Reached XP level 8. HP: 78/79 MP: 7/7
  4257 | D:5      | Entered Level 5 of the Dungeon
  4273 | D:5      | Found a white marble altar of Elyvilon.
  4274 | D:5      | Found a shimmering altar of Xom.
  4275 | D:5      | Found a glowing silver altar of Zin.
  4393 | D:5      | Found a staircase to the Ecumenical Temple.
  4411 | Temple   | Entered the Ecumenical Temple
  4520 | Temple   | Became a worshipper of Ru the Awakened
  4535 | D:5      | Gained mutation: You cannot train Armour skill. [Ru
                  | sacrifice]
  4535 | D:5      | Reached * piety under Ru
  4608 | D:5      | Reached skill level 8 in Unarmed Combat
  4623 | D:5      | Reached skill level 5 in Fighting
  4623 | D:5      | Reached skill level 5 in Dodging
  5029 | D:6      | Found a radiant altar of Vehumet.
  5032 | D:6      | Found a blossoming altar of Fedhas.
  5033 | D:6      | Found a shimmering blue altar of Sif Muna.
  5033 | D:6      | Found a shadowy altar of Dithmenos.
  5035 | D:6      | Found a basalt altar of Yredelemnul.
  5175 | D:6      | Found a white marble altar of Elyvilon.
  5181 | D:6      | Noticed a two-headed ogre
  5186 | D:6      | Killed a two-headed ogre
  5187 | D:6      | Reached skill level 9 in Unarmed Combat
  5187 | D:6      | Reached XP level 9. HP: 88/88 MP: 8/8
  5330 | D:6      | Noticed Prince Ribbit
  5381 | D:6      | Killed Prince Ribbit
  5505 | D:6      | Reached skill level 10 in Unarmed Combat
  6073 | D:7      | Found a burning altar of Makhleb.
  6236 | D:7      | Found Tioleby's Distillery.
  6244 | D:7      | Bought a potion of curing for 33 gold pieces
  6244 | D:7      | Bought a potion of haste for 110 gold pieces
  6297 | D:7      | Found a sparkling altar of Nemelex Xobeh.
  6299 | D:7      | Noticed Joseph
  6311 | D:7      | Killed Joseph
  6414 | D:7      | Noticed Menkaure
  6421 | D:7      | Killed Menkaure
  6422 | D:7      | Reached XP level 10. HP: 76/100 MP: 9/9
  6487 | D:7      | Noticed Harold
  6497 | D:7      | Killed Harold
  6498 | D:7      | Reached skill level 11 in Unarmed Combat
  6614 | D:7      | Found an ancient bone altar of Kikubaaqudgha.
  7056 | D:8      | Found a staircase to the Lair.
  7096 | D:8      | Found a hide-covered altar of Uskayaw.
  7532 | D:9      | Noticed a death knight
  7535 | D:9      | Noticed Life0's ghost (novice OpWn)
  7537 | D:9      | Noticed a spectral centaur warrior
  7539 | D:9      | Found a transporter.
  7659 | D:9      | Found a transporter.
  7679 | D:9      | Noticed a two-headed ogre
  7688 | D:9      | Killed a two-headed ogre
  7689 | D:9      | Reached skill level 12 in Unarmed Combat
  8098 | D:10     | Entered Level 10 of the Dungeon
  8145 | D:10     | Reached XP level 11. HP: 108/108 MP: 10/10
  8325 | D:10     | Noticed Snorg
  8332 | D:10     | Killed Snorg
  8618 | D:10     | Found Ziukur's Jewellery Shoppe.
  8942 | D:10     | Reached skill level 13 in Unarmed Combat
  9005 | D:10     | Identified a scroll of acquirement
  9005 | D:10     | Acquired the ring "Ygoxzumm" {rElec Str+6}
  9061 | Lair:1   | Entered Level 1 of the Lair of Beasts
  9061 | Lair:1   | Noticed an oklob plant
  9072 | Lair:1   | Killed an oklob plant
  9116 | Lair:1   | Noticed a seven-headed hydra
  9127 | Lair:1   | HP: 1/111 [nine-headed hydra (6)]
  9128 | Lair:1   | Slain by a ten-headed hydra

Illustrated notes

Levels and vault maps discovered:
D:1:      evilmike_arrival_rings, layout_basic, minmay_tromino_v4_b
D:2:      layout_loops_corners, general_overflow_altar,
          chequers_ecumenical_altar_simple_redux, trog_three_pillars_becter,
          uniq_crazy_yiuf_cottage
D:3:      layout_rooms, kennysheep_generic_room_8, uniq_jessica, uniq_ijyb,
          uniq_natasha
D:4:      layout_loops_ring, portal_sewer_entry_b, serial_glass,
          glass_columns_c, glass_columns_a, minmay_stone_trees_small
D:5:      layout_basic, grunt_temple_overflow_open, minmay_temple_entry_glass
D:6:      minmay_cornered_nines, layout_basic, minitemple, basic_altar,
          uniq_prince_ribbit1
D:7:      layout_loops_cross, kennysheep_vampire_church, lemuel_round_altar,
          makhleb_grotto_becter, serial_shops, shop, uniq_joseph, uniq_harold,
          uniq_menkaure
D:8:      layout_loops_cross, eat_drink_and_be_merry_uskayaw, lair_entry_dummy
D:9:      layout_roguey, gammafunk_ghost_mausoleum, bh_circular_ruins
D:10:     cheibrodos_iron_armory, layout_stronghold, serial_shops, shop,
          grunt_potential, uniq_snorg
Temple:   nicolae_temple_figure_zero
Lair:1:   lemuel_slime, layout_cellular_growth, dpeg_stationary_puzzle,
          grunt_megastairs_2, uniq_sonja, uniq_gastronok

Skill      XL: |  1  2  3  4  5  6  7  8  9 10 11 |
---------------+----------------------------------+-----
Unarmed Combat | 4 5 6 7 9 10 12 13 | 13.1
Fighting       | 3 4 5 6 7 8 |  8.3
Dodging        | 3 4 5 6 7 8 |  8.2
Stealth        | |  1.0

Action                   |  1- 3 |  4- 6 |  7- 9 | 10-12 || total
-------------------------+-------+-------+-------+-------++-------
Melee: Unarmed           |    82 |   212 |   363 |   285 ||   942
       Punch             |     2 |     2 |    12 |    19 ||    35
Invok: Sacrifice Durabil |       |       |     1 |       ||     1
       Reject Sacrifices |       |       |     1 |       ||     1
Evoke: Wand              |       |       |       |     5 ||     5
  Use: Scroll            |       |    10 |    12 |     4 ||    26
 Stab: Sleeping          |     3 |     3 |     1 |     1 ||     8
Armor: Robe              |    24 |   108 |    89 |    12 ||   233
       Troll leather arm |       |       |       |    39 ||    39
Dodge: Dodged            |    28 |   184 |   258 |   206 ||   676

Table legend: (Time is in decaauts)
 A = Elapsed time spent in this place.
 B = Non-inter-level travel time spent in this place.
 C = Inter-level travel time spent in this place.
 D = Time resting spent in this place.
 E = Time spent auto-exploring this place.
 F = Levels seen in this place.
 G = Mean time per level.
                   A        B        C        D        E       F      G
               +--------+--------+--------+--------+--------+-----+--------+
         Total |   8993 |   8636 |    357 |    348 |   6553 |  13 |  691.8 |
       Dungeon |   8317 |   7964 |    353 |    348 |   6111 |  10 |  831.7 |
        Temple |    119 |    115 |      4 |      0 |    107 |   1 |  119.0 |
          Lair |     64 |     64 |      0 |      0 |     42 |   1 |   64.0 |
         Sewer |    492 |    492 |      0 |      0 |    292 |   1 |  492.0 |
               +--------+--------+--------+--------+--------+-----+--------+

Top non-repeatable levels by time:
     D:3: 1112 daAuts
     D:2: 1070 daAuts
    D:10: 905 daAuts
     D:6: 897 daAuts
     D:7: 885 daAuts
     D:1: 820 daAuts
     D:4: 731 daAuts
     D:9: 698 daAuts
     D:8: 657 daAuts
     D:5: 537 daAuts
   Sewer: 492 daAuts
  Temple: 119 daAuts
  Lair:1: 64 daAuts
